AoeStats
← Dande1987

Yucatan

510393502Analyzed
2v2 RM · 20h ago on Sep 30, 2026· 44m 50s· 4 players
Game mode
Random Map
Map size
Medium (4 player)
Population
200
Speed
Normal
Resources
Standard
Victory
Conquest
Starting age
Dark Age
Ending age
Imperial Age
RankedLock teamsTeams togetherTeam positionsShared explorationLock speedFull tech treeHidden civsTurbo modeCheats
Victory
Defeat
🇪🇸 Spanish · Spain
620
+18
🇪🇸 Mongols · Spain
608
+18
🇪🇸 Vietnamese · Spain
699
-20
🇧🇷 Turks · Brazil
615
-16
Filipones
0:42 Loom
12:18 Feudal Age
12:46 Double-Bit Axe
13:43 Wheelbarrow
16:24 Scale Barding Armor
19:19 Horse Collar
21:49 Castle Age
21:36 Stone Mining
25:23 Padded Archer Armor
28:25 Bow Saw
30:16 Forging
31:21 Chain Barding Armor
31:10 Husbandry
32:38 Iron Casting
34:39 Imperial Age
33:07 Treadmill Crane
33:49 Ballistics
33:51 Hand Cart
36:10 Conscription
39:15 Iron Casting
42:32 Leather Archer Armor
Dande1987
1:33 Loom
14:28 Feudal Age
15:58 Wheelbarrow
15:11 Double-Bit Axe
16:24 Horse Collar
16:46 Stone Mining
16:55 Gold Mining
17:09 Town Watch
17:39 Scale Mail Armor
17:50 Forging
19:21 Scale Mail Armor
19:33 Man-at-Arms
19:59 Arson
21:53 Scale Barding Armor
21:40 Fletching
21:50 Padded Archer Armor
26:21 Bloodlines
26:53 Bloodlines
29:57 Castle Age
31:40 Hand Cart
31:58 Squires
39:13 Bow Saw
40:24 Light Cavalry
mendiallianza
2:08 Loom
12:47 Feudal Age
14:14 Wheelbarrow
13:27 Double-Bit Axe
13:25 Horse Collar
14:44 Town Watch
21:06 Castle Age
19:53 Scale Mail Armor
21:02 Bloodlines
22:10 Bow Saw
22:03 Heavy Plow
27:29 Fletching
27:15 Pikeman
29:42 Hand Cart
38:48 Imperial Age
39:23 Forging
39:28 Chain Mail Armor
42:26 Light Cavalry
45:08 Scale Barding Armor
45:33 Plate Mail Armor
melauta
13:18 Feudal Age
17:36 Castle Age
15:41 Horse Collar
18:02 Gold Mining
19:49 Double-Bit Axe
22:51 Stone Mining
24:42 Loom
28:49 Scale Barding Armor
28:55 Forging
30:35 Pikeman
32:13 Wheelbarrow
31:24 Town Watch
32:37 Inquisition
32:53 Squires
39:47 Imperial Age
40:08 Halberdier
42:14 Chemistry
Connection lost

Rejoining the realm…

Still unreachable

The connection could not be restored.

Session expired

The server has moved on; the page needs a fresh start.